 Dungeon Crawl Stone Soup version 0.28-a0-1638-g9123634e07 (webtiles) character file.

Game seed: 2487266096401763728

404 HallandMoats the Skirmisher (level 6, -4/53 HPs)
             Began as a Ghoul Fighter on Jan 25, 2022.
             Was an Initiate of Gozag.
             Slain by Edmund (9 damage)
             ... on level 4 of the Dungeon.
             The game lasted 00:06:24 (4158 turns).

HallandMoats the Skirmisher (Ghoul Fighter)         Turns: 4158, Time: 00:06:27

Health: -4/53      AC: 11    Str: 19    XL:     6   Next: 86%
Magic:  6/6        EV: 10    Int:  4    God:    Gozag
Gold:   414        SH:  4    Dex:  9    Spells: 5/5 levels left

rFire   . . .      SeeInvis .   c - +2 whip (drain)
rCold   + . .      Faith    .   b - +0 buckler
rNeg    + + +      Spirit   .   i - +3 ring mail {rPois}
rPois   ∞          Reflect  .   (no helmet)
rElec   .          Harm     .   o - +2 ratskin cloak {*Rats rPois rN+ Str-1 Int-1 Dex+1}
rCorr   .          Rampage  .   (no gloves)
Will    .....                   (no boots)
Stlth   ..........              (no amulet)
HPRegen 0.00/turn               g - ring of flight
MPRegen 0.10/turn               (no ring)

@: flying, inhibited regen
A: claws 1, cold resistance 1, negative energy resistance 3, inhibited
regeneration, torment resistance 2
a: Renounce Religion, Potion Petition, Call Merchant, Bribe Branch


You were on level 4 of the Dungeon.
You worshipped Gozag.
Gozag was aware of your devotion.
You visited 1 branch of the dungeon, and saw 4 of its levels.

You collected 414 gold pieces.

Inventory:

Hand Weapons
 c - a +2 whip of draining (weapon)
Missiles
 e - 3 throwing nets (quivered)
Armour
 b - a +0 buckler (worn)
 i - a +3 ring mail of poison resistance (worn)
 j - a scarf of shadows
 o - the +2 ratskin cloak (worn) {*Rats rPois rN+ Str-1 Int-1 Dex+1}
   (You found it on level 3 of the Dungeon)

   When the wearer is hurt, rats may emerge from it to assist them.
   Str:       It affects your strength (-1).
   Int:       It affects your intelligence (-1).
   Dex:       It affects your dexterity (+1).
   rPois:     It protects you from poison.
   rN:        It protects you from negative energy.
Jewellery
 g - a ring of flight (left claw)
Scrolls
 d - a scroll of noise {unknown}
 f - 2 scrolls of identify
 l - a scroll of enchant armour
 m - a scroll of immolation
Potions
 a - a potion of magic {unknown}
 h - 2 potions of haste {unknown}
 k - 2 potions of curing {unknown}
 n - 2 potions of flight


   Skills:
 + Level 4.7 Fighting
 * Level 1.6 Maces & Flails
 + Level 3.4 Armour
 + Level 1.9 Dodging
 + Level 3.5 Shields
 - Level 3.5 Unarmed Combat
 + Level 2.3 Invocations


You had 5 spell levels left.
You didn't know any spells.
Your spell library was empty.

Dungeon Overview and Level Annotations

Branches:
Dungeon (4/15)
 Temple: D:4-7

Altars:
Gozag

Annotations:
D:4 Edmund


Innate Abilities, Weirdness & Mutations

You thrive by killing the living.
You are immune to poison.
You have sharp fingernails.
Your flesh is cold resistant. (rC+)
You are immune to negative energy. (rN+++)
You do not regenerate when monsters are visible.
You are immune to unholy pain and torment.


Message History

You hit Edmund but do no damage. You drain Edmund.
Edmund is lightly wounded.
Edmund hits you with a +4 dire flail of holy wrath.
You convulse.
You hit Edmund. You drain Edmund.
Edmund is moderately wounded.
Edmund barely misses you.
You closely miss Edmund.
Edmund is moderately wounded.
Edmund hits you with a +4 dire flail of holy wrath!
You convulse.
Edmund barely misses you.
Edmund asks, "Have you met my wondrous brother?"
There is a stone staircase leading down here.
Edmund seems less drained.
Edmund hits you with a +4 dire flail of holy wrath.
* * * LOW HITPOINT WARNING * * *
You convulse.
* * * LOW HITPOINT WARNING * * *
You see here a +0 club.
Okay, then.
Edmund hits you but does no damage.
Things that are here:
a +0 mace; a +0 ring mail Edmund gestures with his flail.
Okay, then.
Unknown command.
Unknown command.
Edmund gestures with his flail.
Edmund says, "I'm quite good with sums, too."
Things that are here:
a +0 mace; a +0 ring mail Edmund says, "I'm quite good with sums, too."
It was a potion of flight.
You feel more buoyant.
Edmund hits you with a +4 dire flail of holy wrath!
* * * LOW HITPOINT WARNING * * *
You convulse!
You die...
Your body crumbles into a pile of gold.

##.....###########
#.......)))).....#
#..#############..
#..# #..# #..#####
#.>....# #..###.#
#@...#.##
##@......# ####
#..####..#####..
#..##.......##.#
#...##......##.####
#..................
#..#.#.#.[.....####
#.................#
#.##..###....####.#


You could see Edmund.

Vanquished Creatures
  A centaur zombie (D:3)
  An orc priest (D:4)
  3 orc wizards
  3 adders (D:3)
  An adder skeleton (D:4)
  2 dart slugs (D:1)
  10 orcs
  7 endoplasms
  4 giant cockroaches
  6 goblins
  6 hobgoblins
  2 kobolds
  3 quokkas
  4 ball pythons
  6 bats
  A frilled lizard (D:1)
  4 rats
  A spectral kobold (D:2)
65 creatures vanquished.

Vanquished Creatures (collateral kills)
  Duvessa (D:3)
  Dowan (D:3)
2 creatures vanquished.

Vanquished Creatures (others)
  31 plants (D:3)
31 creatures vanquished.

Grand Total: 98 creatures vanquished

Notes
Turn   | Place    | Note
-------+----------+-------------------------------------------
     0 | D:1      | HallandMoats the Ghoul Fighter began the quest for the Orb.
     0 | D:1      | Reached XP level 1. HP: 19/19 MP: 0/0
   271 | D:1      | Reached XP level 2. HP: 26/26 MP: 1/1
   811 | D:1      | Reached XP level 3. HP: 33/33 MP: 2/2
   891 | D:2      | Found a faded altar of an unknown god.
   896 | D:2      | Prayed at the altar of an unknown god.
   896 | D:2      | Became a worshipper of Gozag Ym Sagoz the Greedy
  1689 | D:3      | Reached skill level 1 in Invocations
  1875 | D:3      | Reached skill level 4 in Fighting
  1875 | D:3      | Reached XP level 4. HP: 35/40 MP: 3/3
  2027 | D:3      | Reached skill level 1 in Dodging
  2116 | D:3      | Reached XP level 5. HP: 27/46 MP: 3/5
  2281 | D:3      | Found the +2 ratskin cloak {*Rats rPois rN+ Str-1 Int-1
                  | Dex+1}
  2565 | D:4      | Noticed Duvessa
  2565 | D:4      | Noticed Dowan
  3767 | D:3      | Killed Dowan
  3768 | D:3      | Reached XP level 6. HP: 40/53 MP: 6/6
  3769 | D:3      | Killed Duvessa
  3770 | D:3      | Reached skill level 1 in Maces & Flails
  4049 | D:4      | Noticed Edmund
  4158 | D:4      | Slain by Edmund

Illustrated notes

Levels and vault maps discovered:
D:1:      psy_arrival_conway, layout_basic, minmay_misc_feat_rows
D:2:      layout_rooms, dreamdust_ecumenical_altar_drowned_temple
D:3:      minmay_skewed_foursquare, layout_rooms, serial_bayou_lagoon_a
D:4:      layout_loops_ring, grunt_qazlal_sundering,
          chequers_serial_rivers_micro_a, minmay_misc_feat_square, uniq_edmund,
          uniq_duvessa, uniq_robin

Skill      XL: |  1  2  3  4  5  6 |
---------------+-------------------+-----
Invocations    | 1 2 |  2.3
Unarmed Combat | 3 |  3.5
Fighting       | 4 |  4.7
Armour         | 3 |  3.4
Dodging        | 1 |  1.9
Shields        | 3 |  3.5
Maces & Flails | 1 |  1.6

Action                   |  1- 3 |  4- 6 || total
-------------------------+-------+-------++-------
Melee: Unarmed           |   110 |    75 ||   185
       Whip              |       |    70 ||    70
  Use: Scroll            |       |     5 ||     5
       Potion            |       |     2 ||     2
Armor: Scale mail        |    42 |    65 ||   107
       Ring mail         |       |    15 ||    15
Dodge: Dodged            |    44 |    61 ||   105
Block: Buckler           |    21 |    26 ||    47

Table legend: (Time is in decaauts)
 A = Elapsed time spent in this place.
 B = Non-inter-level travel time spent in this place.
 C = Inter-level travel time spent in this place.
 D = Time resting spent in this place.
 E = Time spent auto-exploring this place.
 F = Levels seen in this place.
 G = Mean time per level.
                   A        B        C        D        E       F      G
               +--------+--------+--------+--------+--------+-----+--------+
         Total |   4172 |   4018 |    154 |   1304 |   1956 |   4 | 1043.0 |
       Dungeon |   4172 |   4018 |    154 |   1304 |   1956 |   4 | 1043.0 |
               +--------+--------+--------+--------+--------+-----+--------+

Top non-repeatable levels by time:
     D:3: 1874 daAuts
     D:2: 1099 daAuts
     D:1: 854 daAuts
     D:4: 343 daAuts
